 Dungeon Sprint DCSS version 0.28-a0-79-g444c7a33f5 (webtiles) character file.

Game seed: 7252410257018530291

15621 Conn the Scorcher (level 12, -2/62 HPs)
             Began as an Octopode Fire Elementalist on July 31, 2021.
             Was a High Priest of Sif Muna.
             Slain by the 27-headed Lernaean hydra (3 damage)
             ... in the Dungeon (Sprint I: "Red Sonja") on Aug 3, 2021.
             The game lasted 00:53:50 (5867 turns).

Conn the Scorcher (Octopode Fire Elementalist)      Turns: 5867, Time: 00:53:50

Health: -2/62      AC:  5    Str:  7    XL:     12   Next: 28%
Magic:  9/29       EV: 27    Int: 24    God:    Sif Muna [*****.]
Gold:   108        SH:  0    Dex: 12    Spells: 1/37 levels left

rFire   + . .      SeeInvis +   g - +0 dagger
rCold   x . .      Faith    .   (no shield)
rNeg    + . .      Spirit   .   (helmet restricted)
rPois   .          Reflect  .   (no amulet)
rElec   .          Harm     .   o - ring of fire
rCorr   .          Rampage  .   p - ring of see invisible
Will    .....      NoTele   +   r - ring of Jaug {EV+4 Int+3}
Stlth   +++++.....              l - +4 ring of protection
HPRegen 0.20/turn               s - ring of positive energy
MPRegen 0.21/turn               n - ring of the Hare {EV+8}
                                (no ring)
                                (no ring)

@: very slightly contaminated
A: almost no armour, amphibious, 8 rings, camouflage 1, gelatinous body 1,
nimble swimmer 1, tentacles, clumsy 1, frail 1
a: Renounce Religion, Channel Magic, Forget Spell, Divine Exegesis


You were in the Dungeon.
You worshipped Sif Muna.
Sif Muna was extremely pleased with you.
You visited 1 branch You collected 5043 gold pieces.
You spent 4935 gold pieces at shops.

Inventory:

Hand Weapons
 g - a +0 dagger (weapon)
 i - a +1 dagger of draining
 k - the +5 short sword of the Ghost {antimagic, rElec rPois Dex+2}
   (You bought it in a shop in the Dungeon)

   It reduces the magical energy of the wielder, and disrupts the spells and
   magical abilities of those it strikes.
   Natural abilities and divine invocations are not affected.
   Dex:       It affects your dexterity (+2).
   rElec:     It insulates you from electricity.
   rPois:     It protects you from poison.
Missiles
 j - 2 curare-tipped darts
Magical Staves
 t - a staff of cold
Jewellery
 c - a ring of see invisible
 l - a +4 ring of protection (on tentacle)
 n - the ring of the Hare (on tentacle) {EV+8}
   (You bought it in a shop in the Dungeon)

   [ring of evasion]

   EV:        It affects your evasion (+8).
 o - a ring of fire (left tentacle)
 p - a ring of see invisible (right tentacle)
 q - a ring of ice
 r - the ring of Jaug (on tentacle) {EV+4 Int+3}
   (You bought it in a shop in the Dungeon)

   [ring of evasion]

   EV:        It affects your evasion (+4).
   Int:       It affects your intelligence (+3).
 s - a ring of positive energy (on tentacle)
Wands
 e - a wand of flame (15)
Scrolls
 f - a scroll of blinking
 m - a scroll of enchant armour {unknown}
Potions
 a - 2 potions of curing
 b - 3 potions of heal wounds
 d - a potion of magic
 h - 3 potions of cancellation {unknown}


   Skills:
 + Level 1.5 Fighting
 + Level 1.4 Short Blades
 - Level 5.7 Dodging
 - Level 5.0 Stealth
 - Level 13.2 Spellcasting
 * Level 15.1 Conjurations
 + Level 1.4 Hexes
 - Level 3.0 Summonings
 - Level 3.0 Translocations
 * Level 18.8 Fire Magic
 - Level 2.0 Ice Magic
 - Level 4.1 Earth Magic
 - Level 5.0 Invocations


You had one spell level left.
You knew the following spells:

 Your Spells              Type           Power      Damage    Failure   Level
a - Foxfire               Conj/Fire      100%       2x1d9     0%          1
b - Conjure Flame         Conj/Fire      98%        6-21      0%          3
c - Inner Flame           Hex/Fire       77%        N/A       1%          3
d - Sticky Flame          Conj/Fire      98%        2d11      1%          4
e - Fireball              Conj/Fire      49%        3d19      1%          5
f - Bolt of Magma         Conj/Fire/Erth 43%        4d18      1%          5
g - Hailstorm             Conj/Ice       54%        3d12      1%          4
h - Orb of Destruction    Conj           36%        9d13      6%          7
j - Iskenderun's Mystic   Conj/Tloc      56%        2d12      1%          4

Your spell library contained the following spells:

 Spells                   Type           Power      Damage    Failure   Level
 Magic Dart               Conj           100%       1d8       0%          1
 Freeze                   Ice            100%       1d11      1%          1
 Summon Small Mammal      Summ           100%       N/A       1%          1
 Searing Ray              Conj           100%       3d7       0%          2
 Static Discharge         Conj/Air       51%        N/A       1%          2
 Dazzling Flash           Conj/Hex       100%       N/A       1%          3
 Ignite Poison            Fire/Tmut/Pois 62%        N/A       1%          3
 Mephitic Cloud           Conj/Pois/Air  40%        N/A       1%          3
 Stone Arrow              Conj/Erth      100%       3d13      1%          3
 Iskenderun's Battlesphe  Conj           73%        2d12      1%          5
 Starburst                Conj/Fire      49%        8x6d13    1%          6
 Passwall                 Tmut/Erth      20%        N/A       2%          2
 Call Canine Familiar     Summ           30%        N/A       3%          3
 Frozen Ramparts          Ice            50%        1d7       4%          3
 Summon Guardian Golem    Hex/Summ       26%        N/A       4%          3
 Freezing Cloud           Conj/Ice/Air   21%        6-21      10%         5
 Iron Shot                Conj/Erth      29%        9d6       11%         6
 Ignition                 Fire           51%        3d14      11%         8
 Leda's Liquefaction      Hex/Erth       14%        N/A       12%         4
 Dispel Undead            Necr           15%        3d10      36%         4
 Spellforged Servitor     Conj/Summ      28%        N/A       61%         7
 Alistair's Intoxication  Tmut/Pois      10%        N/A       71%         5
 Statue Form              Tmut/Erth      16%        N/A       94%         6
 Fire Storm               Conj/Fire      49%        8d12      98%         9
 Lehudib's Crystal Spear  Conj/Erth      29%        10d8      99%         8
 Animate Armour           Summ/Erth      Unusable   N/A       N/A         4

Dungeon Overview and Level Annotations

Branches:
Dungeon (1/1)

Altars:
Cheibriados
Dithmenos
Elyvilon
Fedhas
Gozag
Hepliaklqana
Kikubaaqudgha
Makhleb
Nemelex Xobeh
Okawaru
Qazlal
Ru
Sif Muna
Trog
Uskayaw
Vehumet
Wu Jian
Xom
Yredelemnul
Zin
The Shining One
Jiyva
Lugonu

Shops:
D *!((*?*=*?(!::*[*!![[

Annotations:
D Lernaean hydra


Innate Abilities, Weirdness & Mutations

You cannot wear most types of armour.
You are amphibious.
You can wear up to eight rings at the same time.
Your skin changes colour to match your surroundings (Stealth+).
Your rubbery body absorbs attacks. (AC +1, EV +1)
You are camouflaged near water. (Stealth+)
You have tentacles for arms and can constrict up to eight enemies at once.
You are clumsy. (Dex -2)
You are frail. (-10% HP)


Message History

The spell is quite dangerous to cast (6% risk of failure)!
Continue anyway?
Aiming: Orb of Destruction (quite dangerous; 6% risk of failure)
Press: ? - help, Shift-Dir - straight line, f/p - 27-headed Lernaean hydra
Aim: the 27-headed Lernaean hydra (ally target)
Okay, then.
Casting: Orb of Destruction (quite dangerous; 6% risk of failure)
Confirm with . or Enter, or press ? or * to list all spells.
Aiming: Bolt of Magma (dangerous; 1% risk of failure)
Press: ? - help, Shift-Dir - straight line, f/p - 27-headed Lernaean hydra
Aim: the 27-headed Lernaean hydra (ally target, 91% to hit)
You feel a surge of power!
The bolt of magma hits the 27-headed Lernaean hydra!!
The 27-headed Lernaean hydra is lightly wounded.
The orb of destruction hits the 27-headed Lernaean hydra!!!
The 27-headed Lernaean hydra is severely wounded.
The 27-headed Lernaean hydra is engulfed in a cloud of scalding steam.
Casting: Bolt of Magma (dangerous; 1% risk of failure)
Confirm with . or Enter, or press ? or * to list all spells.
The spell is quite dangerous to cast (6% risk of failure)!
Continue anyway?
Aiming: Orb of Destruction (quite dangerous; 6% risk of failure)
Press: ? - help, Shift-Dir - straight line, f/p - 27-headed Lernaean hydra
Aim: the 27-headed Lernaean hydra (magical condensation, severely wounded)
You miscast Orb of Destruction.
You are very lightly contaminated with residual magic.
You are caught in a violent explosion!
The 27-headed Lernaean hydra bites you. x2
The 27-headed Lernaean hydra barely misses you.
The 27-headed Lernaean hydra bites you! The 27-headed Lernaean hydra bites you.
The 27-headed Lernaean hydra bites you!
* * * LOW HITPOINT WARNING * * *
The 27-headed Lernaean hydra barely misses you.
The 27-headed Lernaean hydra bites you.
* * * LOW HITPOINT WARNING * * *
The 27-headed Lernaean hydra bites you but does no damage.
The 27-headed Lernaean hydra bites you!
* * * LOW HITPOINT WARNING * * *
The 27-headed Lernaean hydra misses you. x2
The 27-headed Lernaean hydra bites you.
* * * LOW HITPOINT WARNING * * *
The 27-headed Lernaean hydra bites you.
You die...

°○#^....#,,***,#..≈)##§#,,,,**,,,
.^###++##,**,,,#..≈##,.^,^,,,**,,
.###.○##*,,*+###..≈#^,.§,,^,,,*,,
°####..###,,,#.≈..##^^^,^,,,,,**,
+#..#..#.###,#.≈..#,,,,,,,,,,,,*,
,#.........#,###..#,,,,,,,,,,,,*,
##.........#,#.+..#*,,^,,,,^,,**,
('○.....####+#.##'##,,,,,,,,,,*,,
###...###,,,,#.#@D≈#*,,,,,,,,**,,
,,#####,,,***#,#≈○°§#*,,,,,,**,,,
,,,,,,,,***,^,,#≈≈°§§#*******,,,,
,,,,*****,^,^**##≈≈§≈#≈≈≈≈≈*,,,,,
,,,**^,,,,,,,*,,#'≈≈≈'≈≈,≈≈+,,,,,
,,**^,^,^,,,,*,,.##≈≈#≈≈≈≈≈*≈≈≈,,
,,*^,^,,,,,,^*,,.,*#####+*****≈≈≈
*******,,,,,,*,,,,*≈≈≈≈≈≈≈≈≈≈**≈≈
≈≈≈≈≈,*,,,,,,*******≈≈≈≈≈≈≈≈≈≈≈≈≈


You could see the 27-headed Lernaean hydra.

Vanquished Creatures
  A deep elf annihilator (D)
  A lorocyproca (D)
  A mummy priest (D)
  A hydra (D)
  2 centaur warriors (D)
  Sonja (D)
  A deep troll (D)
  A lindwurm (D)
  2 oklob plants (D)
  2 shining eyes (D)
  A merfolk siren (D)
  A gargoyle (D)
  2 unseen horrors (D)
  2 kobold demonologists (D)
  4 demonic crawlers (D)
  A hornet (D)
  A slime creature (D)
  Sigmund (D)
  2 redbacks (D)
  A yak (D)
  13 hogs (D)
  4 floating eyes (D)
  7 necrophages (D)
  An ogre (D)
  8 jellies (D)
  Ijyb (D)
  2 ballistomycete spores (D)
65 creatures vanquished.

Vanquished Creatures (collateral kills)
  6 shining eyes (D)
  3 floating eyes (D)
9 creatures vanquished.

Vanquished Creatures (others)
  A merfolk siren (D)
  A gargoyle (D)
  4 hornets (D)
  61 foxfires (D)
67 creatures vanquished.

Grand Total: 141 creatures vanquished

Notes
Turn   | Place    | Note
-------+----------+-------------------------------------------
     0 | D        | Conn the Octopode Fire Elementalist began the quest for the
                  | Orb.
     0 | D        | Reached XP level 1. HP: 11/11 MP: 3/3
     2 | D        | Noticed Ijyb
    17 | D        | Killed Ijyb
    18 | D        | Reached skill level 5 in Fire Magic
    18 | D        | Reached XP level 2. HP: 17/17 MP: 0/5
    18 | D        | Reached XP level 3. HP: 21/21 MP: 0/6
    41 | D        | Killed a gargoyle
    63 | D        | Learned a level 3 spell: Conjure Flame
    67 | D        | Learned a level 3 spell: Inner Flame
    73 | D        | Noticed an ogre
    96 | D        | Killed an ogre
    97 | D        | Reached skill level 7 in Fire Magic
    97 | D        | Reached XP level 4. HP: 27/27 MP: 2/9
   110 | D        | Noticed Sigmund
   127 | D        | Killed Sigmund
   128 | D        | Reached skill level 10 in Fire Magic
   128 | D        | Reached XP level 5. HP: 31/31 MP: 6/11
   128 | D        | Reached XP level 6. HP: 36/36 MP: 6/12
   142 | D        | Learned a level 4 spell: Sticky Flame
   189 | D        | Found an ornate altar of the Wu Jian Council.
   189 | D        | Found a shimmering blue altar of Sif Muna.
   191 | D        | Found a radiant altar of Vehumet.
   195 | D        | Became a worshipper of Sif Muna the Loreminder
   274 | D        | Found Sanluig's Antique Weapon Emporium.
   274 | D        | Found an ancient bone altar of Kikubaaqudgha.
   274 | D        | Found a hazy altar of Hepliaklqana.
   274 | D        | Found a stormy altar of Qazlal.
   274 | D        | Found a hide-covered altar of Uskayaw.
   274 | D        | Found a blossoming altar of Fedhas.
   274 | D        | Found a bloodstained altar of Trog.
   274 | D        | Found an iron altar of Okawaru.
   274 | D        | Found a basalt altar of Yredelemnul.
   274 | D        | Found a glowing golden altar of the Shining One.
   274 | D        | Found a snail-covered altar of Cheibriados.
   274 | D        | Found a sacrificial altar of Ru.
   274 | D        | Found a glowing silver altar of Zin.
   274 | D        | Found a shadowy altar of Dithmenos.
   274 | D        | Found a white marble altar of Elyvilon.
   274 | D        | Noticed a yak
   283 | D        | Killed a yak
   284 | D        | Reached skill level 5 in Stealth
   284 | D        | Reached skill level 5 in Spellcasting
   284 | D        | Reached skill level 5 in Conjurations
   284 | D        | Reached skill level 11 in Fire Magic
   284 | D        | Reached XP level 7. HP: 40/41 MP: 5/14
   292 | D        | Found an opulent altar of Gozag.
   293 | D        | Found a sparkling altar of Nemelex Xobeh.
   354 | D        | Learned a level 5 spell: Fireball
   360 | D        | Found a burning altar of Makhleb.
   360 | D        | Found a viscous altar of Jiyva.
   360 | D        | Found a shimmering altar of Xom.
   360 | D        | Found a corrupted altar of Lugonu.
   360 | D        | Noticed a slime creature
   374 | D        | Killed a slime creature
   374 | D        | Reached * piety under Sif Muna
   375 | D        | Reached skill level 12 in Fire Magic
   452 | D        | Noticed a kobold demonologist
   452 | D        | Noticed a kobold demonologist
   454 | D        | Killed a kobold demonologist
   455 | D        | Reached skill level 13 in Fire Magic
   455 | D        | Reached XP level 8. HP: 46/46 MP: 5/18
   458 | D        | Killed a kobold demonologist
   458 | D        | Reached ** piety under Sif Muna
   572 | D        | Noticed Sonja
   575 | D        | Killed Sonja
   576 | D        | Reached skill level 5 in Dodging
   576 | D        | Reached skill level 14 in Fire Magic
   576 | D        | Reached XP level 9. HP: 51/51 MP: 5/21
   709 | D        | Found Ustepnin's Assorted Antiques.
   717 | D        | Bought an ichor-stained short sword for 208 gold pieces
   717 | D        | Identified the +5 short sword of the Ghost {antimagic,
                  | rElec rPois Dex+2} (You bought it in a shop in the Dungeon)
   735 | D        | Learned a level 5 spell: Bolt of Magma
   735 | D        | Noticed a deep troll
   744 | D        | Killed a deep troll
   745 | D        | Reached skill level 15 in Fire Magic
   978 | D        | Found Levof's Armour Emporium.
  1007 | D        | Noticed a centaur warrior
  1009 | D        | Noticed a centaur warrior
  1011 | D        | Killed a centaur warrior
  1012 | D        | Reached skill level 1 in Hexes
  1109 | D        | Killed a centaur warrior
  1109 | D        | Reached *** piety under Sif Muna
  1110 | D        | Reached skill level 10 in Conjurations
  1110 | D        | Reached XP level 10. HP: 35/57 MP: 0/23
  1338 | D        | Noticed an oklob plant
  1345 | D        | Killed an oklob plant
  1346 | D        | Reached skill level 16 in Fire Magic
  1434 | D        | Reached **** piety under Sif Muna
  1435 | D        | Reached skill level 10 in Spellcasting
  1435 | D        | Reached skill level 1 in Invocations
  1536 | D        | Learned a level 4 spell: Hailstorm
  1555 | D        | Killed an unseen horror
  1556 | D        | Reached skill level 1 in Ice Magic
  1557 | D        | Killed an unseen horror
  1557 | D        | Reached ***** piety under Sif Muna
  1558 | D        | Received a gift from Sif Muna
  1559 | D        | Got Sif Muna's Almanac of Hurtful Flames {god gift}
  1587 | D        | Received a gift from Sif Muna
  1665 | D        | Found Jutodimp's Distillery.
  1665 | D        | Found Naeffe's Jewellery Shoppe.
  1672 | D        | Found Xotril's Assorted Antiques.
  1672 | D        | Found Cyanu's Distillery.
  1673 | D        | Found Otod's Antique Armour Emporium.
  1686 | D        | Found Liebot's General Store.
  1688 | D        | Found Ynule's Magic Scroll Emporium.
  1688 | D        | Found Ycrisog's Weapon Shop.
  1688 | D        | Found Wetipoos's Distillery.
  1688 | D        | Found Pixtinwi's Book Boutique.
  1688 | D        | Found Ytuykait's Book Emporium.
  1688 | D        | Found Yloytwae's General Store.
  1688 | D        | Found Reb Okh's Armour Shoppe.
  1693 | D        | Found Tinyreudu's General Store.
  1781 | D        | Noticed a shining eye
  1781 | D        | Noticed a shining eye
  1781 | D        | Noticed a shining eye
  1790 | D        | Learned a level 3 spell: Call Canine Familiar
  1905 | D        | Learned a level 1 spell: Summon Small Mammal
  1914 | D        | Paralysed by a floating eye for 4 turns
  1920 | D        | Paralysed by a floating eye for 3 turns
  2010 | D        | Killed a shining eye
  2011 | D        | Reached skill level 1 in Summonings
  2038 | D        | Killed a shining eye
  2038 | D        | Received a gift from Sif Muna
  2058 | D        | Paralysed by a floating eye for 3 turns
  2061 | D        | Reached XP level 11. HP: 62/62 MP: 25/25
  2063 | D        | Paralysed by a floating eye for 2 turns
  2067 | D        | Paralysed by a floating eye for 4 turns
  2086 | D        | Noticed a shining eye
  2086 | D        | Noticed a shining eye
  2086 | D        | Noticed a shining eye
  2095 | D        | Gained mutation: You are frail. (-10% HP) [a shining eye]
  2125 | D        | Killed a shining eye
  2126 | D        | Reached skill level 17 in Fire Magic
  2143 | D        | Killed a shining eye
  2168 | D        | Killed a shining eye
  2187 | D        | Killed a shining eye
  2187 | D        | Received a gift from Sif Muna
  2188 | D        | Got Sif Muna's Guide on Cankerous Flames {god gift}
  2195 | D        | Noticed a shining eye
  2195 | D        | Noticed a shining eye
  2205 | D        | Paralysed by a floating eye for 2 turns
  2253 | D        | Killed a shining eye
  2254 | D        | Reached skill level 5 in Invocations
  2270 | D        | Gained mutation: You are clumsy. (Dex -2) [a shining eye]
  2271 | D        | Killed a shining eye
  2276 | D        | Found Fonk's Assorted Antiques.
  2276 | D        | Found Saxkug's Distillery.
  2276 | D        | Found Remmeb's Magic Scroll Boutique.
  2276 | D        | Found Fedoenirph's Antique Weapon Emporium.
  2291 | D        | Bought a scroll of acquirement for 728 gold pieces
  2295 | D        | Acquired 1054 gold pieces
  2389 | D        | Bought a ring of fire for 325 gold pieces
  2397 | D        | Bought a ring of see invisible for 195 gold pieces
  2402 | D        | Bought a scroll of blinking for 97 gold pieces
  2431 | D        | Bought a ring of ice for 350 gold pieces
  2438 | D        | Bought the ring of Jaug {EV+4 Int+3} for 640 gold pieces
  2486 | D        | Learned a level 4 spell: Iskenderun's Mystic Blast
  2521 | D        | Reached ****** piety under Sif Muna
  2521 | D        | Received a gift from Sif Muna
  2522 | D        | Reached skill level 1 in Short Blades
  3087 | D        | Noticed a lorocyproca
  3101 | D        | Killed a lorocyproca
  3395 | D        | Got Wacwiewk's Catalogue of Dusty Summoning
  3567 | D        | Upgraded the game from 0.28-a0-69-g49dcd67cf8 to
                  | 0.28-a0-79-g444c7a33f5
  4364 | D        | Bought a +4 ring of protection for 468 gold pieces
  4442 | D        | Noticed a lindwurm
  4447 | D        | Killed a lindwurm
  4448 | D        | Reached skill level 1 in Translocations
  4495 | D        | Received a gift from Sif Muna
  4499 | D        | Reached skill level 1 in Fighting
  4756 | D        | Reached skill level 18 in Fire Magic
  4756 | D        | Received a gift from Sif Muna
  4757 | D        | Got Sif Muna's Almanac of Conjuration {god gift}
  4757 | D        | Got Sif Muna's Grimoire of the Harmful Arsonist {god gift}
  4837 | D        | Noticed a 12-headed hydra
  4842 | D        | Killed a 12-headed hydra
  4843 | D        | Reached XP level 12. HP: 62/62 MP: 18/29
  4907 | D        | Learned a level 7 spell: Orb of Destruction
  4981 | D        | Noticed a deep elf annihilator
  5489 | D        | Bought the ring of the Hare {EV+8} for 1664 gold pieces
  5489 | D        | Found the ring of the Hare {EV+8}
  5489 | D        | Bought a ring of positive energy for 260 gold pieces
  5651 | D        | Killed a deep elf annihilator
  5799 | D        | Killed a mummy priest
  5800 | D        | Reached skill level 15 in Conjurations
  5862 | D        | Noticed the 27-headed Lernaean hydra
  5867 | D        | HP: 2/62 [the 27-headed Lernaean hydra (7)]
  5867 | D        | Slain by the 27-headed Lernaean hydra

Illustrated notes

Levels and vault maps discovered:
D:        dungeon_sprint_1 [red_sonja_temple_1, red_sonja_temple_small_1]

Skill      XL: |  1  2  3  4  5  6  7  8  9 10 11 12 |
---------------+-------------------------------------+-----
Stealth        | 3 4 5 |  5.0
Conjurations   | 2 3 4 5 6 8 10 12 14 15 | 15.1
Fire Magic     | 5 7 10 11 13 14 15 16 18 | 18.8
Dodging        | 3 4 5 |  5.7
Spellcasting   | 3 4 5 6 8 9 10 13 | 13.2
Earth Magic    | 4 |  4.1
Hexes          | 1 |  1.4
Invocations    | 3 5 |  5.0
Ice Magic      | 2 |  2.0
Summonings     | 1 3 |  3.0
Short Blades   | 1 |  1.4
Translocations | 3 |  3.0
Fighting       | 1 |  1.5

Action                   |  1- 3 |  4- 6 |  7- 9 | 10-12 || total
-------------------------+-------+-------+-------+-------++-------
Melee: Unarmed           |     7 |       |       |       ||     7
       Tentacles         |     2 |       |     1 |     3 ||     6
       Constrict         |     1 |       |     1 |     6 ||     8
       Dagger            |       |       |     5 |    22 ||    27
 Cast: Foxfire           |     7 |    11 |     7 |    13 ||    38
       Sticky Flame      |       |     2 |     3 |     5 ||    10
       Conjure Flame     |       |     1 |     1 |     2 ||     4
       Fireball          |       |       |     9 |    23 ||    32
       Inner Flame       |       |       |     2 |       ||     2
       Bolt of Magma     |       |       |     3 |    37 ||    40
       Summon Small Mamm |       |       |       |    30 ||    30
       Call Canine Famil |       |       |       |    14 ||    14
       Hailstorm         |       |       |       |     2 ||     2
       Iskenderun's Myst |       |       |       |     1 ||     1
       Orb of Destructio |       |       |       |     2 ||     2
Invok: Channel Magic     |       |       |       |     2 ||     2
       Forget Spell      |       |       |       |     2 ||     2
  Use: Potion            |     2 |     1 |       |     3 ||     6
       Scroll            |       |       |       |     5 ||     5
 Stab: Sleeping          |       |       |       |     1 ||     1
Armor: Skin              |       |       |     1 |     3 ||     4
Dodge: Dodged            |     5 |     1 |    11 |    35 ||    52

Table legend: (Time is in decaauts)
 A = Elapsed time spent in this place.
 B = Non-inter-level travel time spent in this place.
 C = Inter-level travel time spent in this place.
 D = Time resting spent in this place.
 E = Time spent auto-exploring this place.
 F = Levels seen in this place.
 G = Mean time per level.
                   A        B        C        D        E       F      G
               +--------+--------+--------+--------+--------+-----+--------+
         Total |   5835 |   5750 |     85 |   3601 |     33 |   1 | 5835.0 |
       Dungeon |   5835 |   5750 |     85 |   3601 |     33 |   1 | 5835.0 |
               +--------+--------+--------+--------+--------+-----+--------+

Top non-repeatable levels by time:
       D: 5835 daAuts
